 Dungeon Crawl Stone Soup version 0.29-a0-1009-g60c99734e7 (webtiles) character file.

Game seed: 14160172921933969239

16060 siradein the Geomancer (level 11, -2/81 HPs)
             Began as a Demigod Earth Elementalist on Aug 8, 2022.
             Slain by a wolf (8 damage)
             ... on level 1 of the Lair of Beasts on Aug 9, 2022.
             The game lasted 00:41:25 (16491 turns).

siradein the Geomancer (DgEE)                      Turns: 16491, Time: 00:41:25

Health: -2/81      AC: 13    Str:  9    XL:     11   Next: 76%
Magic:  2/28       EV: 13    Int: 29    God:
Gold:   629        SH: 10    Dex: 20    Spells: 3/28 levels left

rFire   . . .      SeeInvis .   y - staff of earth
rCold   . . .      Faith    .   I - +0 buckler {rN+}
rNeg    + . .      Spirit   .   z - +0 leather armour
rPois   .          Reflect  +   (no helmet)
rElec   .          Harm     .   k - +2 cloak {rCorr}
rCorr   +          Rampage  .   v - +2 pair of gloves
Will    +....                   (no boots)
Stlth   ++........              h - amulet of reflection
HPRegen 0.23/turn               e - +4 ring of protection
MPRegen 0.21/turn               n - +6 ring of dexterity

@: no status effects
A: high MP 1, forlorn, divine attributes
a: no special abilities


You were on level 1 of the Lair of Beasts.
You visited 2 branches of the dungeon, and saw 13 of its levels.

You collected 816 gold pieces.
You spent 187 gold pieces at shops.

Inventory:

Missiles
 M - 3 throwing nets
Armour
 a - the +1 robe of Zin, Shrinking {rF- Str+2 Int+2 Slay+4}
   (You found it on level 3 of the Dungeon)

   Str:       It affects your strength (+2).
   Int:       It affects your intelligence (+2).
   Slay:      It affects your accuracy & damage with ranged weapons and melee
   (+4).
   rF:        It makes you vulnerable to fire.
 k - a +2 cloak of preservation (worn)
 v - a +2 pair of gloves (worn)
 z - a +0 leather armour (worn)
 I - a +0 buckler of positive energy (worn)
Magical Staves
 y - a staff of earth (weapon)
Jewellery
 e - a +4 ring of protection (left hand)
 h - an amulet of reflection (around neck)
 l - an amulet of guardian spirit
 n - a +6 ring of dexterity (right hand)
 E - a ring of flight
 J - a +6 ring of strength
 N - a ring of ice
Wands
 x - a wand of flame (26)
 H - a wand of paralysis (12)
 L - a wand of iceblast (17)
 O - a wand of mindburst (12)
 R - a wand of acid (7)
 S - a wand of digging (3)
Scrolls
 i - 3 scrolls of fog
 j - 9 scrolls of teleportation
 m - 6 scrolls of blinking
 o - 2 scrolls of amnesia
 p - 5 scrolls of fear
 q - 3 scrolls of magic mapping {unknown}
 s - 4 scrolls of poison {unknown}
 t - 4 scrolls of silence
 G - a scroll of torment {unknown}
 K - 3 scrolls of immolation
 P - a scroll of acquirement {unknown}
Potions
 b - 2 potions of magic
 c - a potion of resistance
 d - 8 potions of curing
 f - 3 potions of lignification {unknown}
 g - 2 potions of might {unknown}
 r - 3 potions of mutation {unknown}
 u - 2 potions of cancellation
 w - 4 potions of ambrosia {unknown}
 A - 5 potions of haste
 B - 3 potions of brilliance
 C - 3 potions of heal wounds
 D - a potion of invisibility {unknown}
 F - 2 potions of berserk rage


   Skills:
 + Level 2.8 Fighting
 + Level 2.6 Armour
 + Level 3.6 Dodging
 - Level 1.7 Stealth
 + Level 2.6 Shields
 + Level 9.2 Spellcasting
 + Level 9.6 Conjurations
 + Level 1.1 Summonings
 + Level 3.0 Necromancy
 - Level 0.8 Transmutations
 + Level 10.2 Earth Magic


You had 3 spell levels left.
You knew the following spells:

 Your Spells              Type           Power      Damage    Failure   Level
a - Stone Arrow           Conj/Erth      100%       3d13      1%          3
b - Sandblast             Erth           100%       2d20      1%          1
c - Passwall              Tmut/Erth      51%        N/A       1%          2
d - Blink                 Tloc           26%        N/A       12%         2
e - Mephitic Cloud        Conj/Pois/Air  31%        N/A       6%          3
f - Dispel Undead         Necr           30%        3d14      22%         4
g - Iron Shot             Conj/Erth      41%        9d8       19%         6
h - Animate Armour        Summ/Erth      100%       N/A       7%          4

Your spell library contained the following spells:

 Spells                   Type           Power      Damage    Failure   Level
 Static Discharge         Conj/Air       41%        3-9/arc   1%          2
 Ignite Poison            Fire/Tmut/Pois 15%        N/A       21%         3
 Lesser Beckoning         Tloc           13%        N/A       22%         3
 Ozocubu's Armour         Ice            13%        N/A       22%         3
 Petrify                  Tmut/Erth      62%        N/A       8%          4
 Sticky Flame             Conj/Fire      41%        2d6       11%         4
 Freezing Cloud           Conj/Ice/Air   15%        6-21      50%         5
 Blade Hands              Tmut           9%         N/A       83%         5
 Manifold Assault         Tloc           13%        N/A       91%         5
 Ozocubu's Refrigeration  Ice            6%         4d8       100%        7


Dungeon Overview and Level Annotations

Branches:
Dungeon (11/15)            Temple (0/1) D:4            Lair (2/5) D:8
  Swamp: Lair:2-3    Shoals: Lair:2-3     Snake: Lair:2-3    Spider: Lair:2-3
    Orc: D:9-12

Shops:
D:6 *

Annotations:
D:6 3 runed translucent doors, SirDiesAlot's ghost, novice DsVM; Valamore's ghost, novice BaIE; muata's ghost, novice MiBe


Innate Abilities, Weirdness & Mutations

You have an increased reservoir of magic. (+10% MP)
You shall have no god before yourself.
Your divine heritage dramatically boosts your attributes as you level up.


Message History

The wolf attacks as you move away! The wolf bites you.
* * * LOW HITPOINT WARNING * * *
You block the wolf's attack. The wolf misses you.
The wolf attacks as you move away! The wolf bites you.
* * * LOW HITPOINT WARNING * * *
You block the wolf's attack.
The wolf bites you but does no damage. x2
The wolf completely misses you. You block the wolf's attack.
Casting: Stone Arrow (safe; 1% risk of failure)
Confirm with . or Enter, or press ? or * to list all spells.
Aiming: Stone Arrow (safe; 1% risk of failure)
Press: ? - help, Shift-Dir - straight line, f - wolf
Aim: a wolf (63% to hit)
You feel a surge of power!
The stone arrow hits the wolf!
The wolf is severely wounded.
You block the wolf's attack. The wolf bites you.
* * * LOW HITPOINT WARNING * * *
The wolf bites you.
* * * LOW HITPOINT WARNING * * *
Casting: Stone Arrow (safe; 1% risk of failure)
Confirm with . or Enter, or press ? or * to list all spells.
Aiming: Stone Arrow (safe; 1% risk of failure)
Press: ? - help, Shift-Dir - straight line, f/p - wolf
Aim: a wolf (severely wounded, 63% to hit)
You feel a surge of power!
The stone arrow hits the wolf!
You kill the wolf!
The wolf closely misses you. The wolf bites you but does no damage.
Unknown command.
The wolf attacks as you move away! You block the wolf's attack.
The wolf bites you but does no damage. You block the wolf's attack.
You block the wolf's attack. The wolf barely misses you.
There is an escape hatch in the floor here.
The wolf attacks as you move away! The wolf closely misses you.
You block the wolf's attack. x2
There is a staircase back to the Dungeon here.
The wolf attacks as you move away! The wolf closely misses you.
The wolf bites you but does no damage. The wolf closely misses you.
The wolf attacks as you move away! The wolf bites you!
* * * LOW HITPOINT WARNING * * *
The wolf bites you!
You die...

..............P#### #####...#
..............###.#####P##...#
.†...........................#
.............................#
.............................#
..############...####P##.#...#
..######.#####...#########...#
.............................#
..........†.>..........h^............#
#####.########.#######.####### ### ###
###


You could see 2 wolves.

Vanquished Creatures
  A hydra (Lair:2)
  A catoblepas (Lair:1)
  Nergalle (D:11)
  A cyclops (D:11)
  Joseph (Lair:1)
  2 black mambas
  An unseen horror (D:11)
  4 cane toads
  A rime drake (Lair:1)
  A kobold demonologist (D:11)
  2 polar bears
  A hornet (D:9)
  A troll (D:11)
  12 blink frogs
  A shadow (D:10)
  A vampire (D:10)
  2 wyverns
  11 yaks
  2 steam dragons
  3 wargs (D:8)
  4 water moccasins
  2 orc warriors
  2 ice beasts
  2 black bears
  2 sky beasts (D:7)
  2 ogres
  4 wolves
  3 centaurs
  5 kobold brigands
  2 gnoll sergeants
  4 bullfrogs
  A necrophage (D:5)
  6 scorpions
  18 killer bees
  8 orc priests
  3 gnoll boudas
  2 hounds
  2 jellies
  An iguana (D:6)
  13 orc wizards
  38 gnolls
  12 adders
  A white imp (D:5)
  3 ufetubi
  2 worms (D:2)
  3 dart slugs
  39 orcs
  6 bats
  9 endoplasms
  5 giant cockroaches
  7 hobgoblins
  4 jackals (D:3)
  22 kobolds
  3 quokkas
  8 ball pythons
  A frilled lizard (D:1)
  6 goblins
  7 rats
312 creatures vanquished.

Vanquished Creatures (others)
  3 fungi (Lair:1)
  54 plants
57 creatures vanquished.

Grand Total: 369 creatures vanquished

Notes
Turn   | Place    | Note
-------+----------+-------------------------------------------
     0 | D:1      | siradein the Demigod Earth Elementalist began the quest for
                  | the Orb.
     0 | D:1      | Reached XP level 1. HP: 14/14 MP: 5/5
   276 | D:1      | Reached skill level 3 in Earth Magic
   355 | D:1      | Reached XP level 2. HP: 20/20 MP: 5/7
   766 | D:1      | Reached XP level 3. HP: 7/26 MP: 3/9
   770 | D:1      | Learned a level 3 spell: Stone Arrow
   773 | D:1      | Learned a level 2 spell: Passwall
  1418 | D:2      | Reached skill level 1 in Conjurations
  1533 | D:2      | Reached XP level 4. HP: 33/33 MP: 7/11
  2432 | D:3      | Identified the +1 robe of Zin, Shrinking {rF- Str+2 Int+2
                  | Slay+4}
  2436 | D:3      | Reached skill level 4 in Earth Magic
  2661 | D:3      | Reached XP level 5. HP: 38/38 MP: 10/12
  3218 | D:4      | Found a staircase to the Ecumenical Temple.
  3465 | D:4      | Reached XP level 6. HP: 45/45 MP: 11/14
  3736 | D:5      | Entered Level 5 of the Dungeon
  4363 | D:5      | Reached skill level 5 in Earth Magic
  4363 | D:5      | Reached XP level 7. HP: 50/50 MP: 6/16
  5302 | D:5      | Identified the +1 plate armour of Eternity {Will+ SInv}
  5832 | D:6      | Reached skill level 5 in Spellcasting
  5881 | D:6      | Found Ishyimi Usie's Assorted Antiques.
  5890 | D:6      | Bought a glowing cloak for 187 gold pieces
  5950 | D:6      | Reached XP level 8. HP: 57/57 MP: 15/19
  6063 | D:6      | Reached skill level 6 in Earth Magic
  6482 | D:6      | Reached skill level 5 in Conjurations
  6524 | D:6      | Found a runed translucent gate.
  6525 | D:6      | Found a runed translucent gate.
  6526 | D:6      | Found a runed translucent gate.
  6529 | D:6      | Noticed muata's ghost (novice MiBe)
  6529 | D:6      | Noticed SirDiesAlot's ghost (novice DsVM)
  6530 | D:6      | Noticed Valamore's ghost (novice BaIE)
  7620 | D:7      | Reached skill level 7 in Earth Magic
  8237 | D:7      | Reached XP level 9. HP: 62/62 MP: 18/22
  9279 | D:8      | Found a staircase to the Lair.
  9743 | D:9      | Reached skill level 8 in Earth Magic
 10595 | D:9      | Learned a level 2 spell: Blink
 10840 | D:9      | Reached XP level 10. HP: 69/69 MP: 12/25
 11318 | D:10     | Entered Level 10 of the Dungeon
 11361 | D:10     | Reached skill level 9 in Earth Magic
 13068 | D:11     | Noticed Nergalle
 13075 | D:11     | Killed Nergalle
 13499 | D:11     | Noticed a cyclops
 13504 | D:11     | Killed a cyclops
 13558 | D:11     | Learned a level 3 spell: Mephitic Cloud
 13593 | D:11     | Learned a level 4 spell: Dispel Undead
 13657 | Lair:1   | Entered Level 1 of the Lair of Beasts
 13691 | Lair:1   | Reached skill level 1 in Necromancy
 14020 | Lair:1   | Reached XP level 11. HP: 75/75 MP: 18/28
 14136 | Lair:1   | Reached skill level 1 in Fighting
 14136 | Lair:1   | Reached skill level 1 in Armour
 14156 | Lair:1   | Reached skill level 1 in Shields
 14733 | Lair:1   | Reached skill level 10 in Earth Magic
 15031 | Lair:1   | Noticed a catoblepas
 15079 | Lair:1   | Killed a catoblepas
 15257 | Lair:1   | Noticed Joseph
 15416 | Lair:1   | Killed Joseph
 15737 | Lair:2   | Noticed an eight-headed hydra
 15746 | Lair:2   | Killed an eight-headed hydra
 15829 | Lair:1   | Learned a level 6 spell: Iron Shot
 15834 | Lair:1   | Learned a level 4 spell: Animate Armour
 16152 | Lair:2   | Reached skill level 1 in Summonings
 16491 | Lair:1   | Slain by a wolf

Illustrated notes

Levels and vault maps discovered:
D:1:      nagdon_arrival_double_spiral, layout_basic, serial_glass,
          glass_columns_a, glass_columns_a, feat_on_display, feat_on_display
D:2:      layout_rooms, amcnicky_mini_pool_small
D:3:      layout_rooms, mainiacjoe_overflow_tiny_flanked, serial_corexii_hall,
          corexii_hall_statues_x, chequers_hall_statues_wall_a
D:4:      layout_basic, mainiacjoe_overflow_alcove_4, minmay_temple_entry_ruins
D:5:      layout_cave_pools, chequers_big_river
D:6:      layout_loops_ring, mainiacjoe_overflow_small_starburst,
          gammafunk_ghost_cemetery, serial_shops,
          nicolae_shop_overgrown_old_shop
D:7:      wander_river, layout_cave_pods, mainiacjoe_overflow_surrounded_room,
          minivault_11, minmay_misc_feat_x, st_stairs_8, eino_jars
D:8:      layout_rooms, erik_lair_orcish_takeover, kennysheep_boxes
D:9:      layout_roguey
D:10:     layout_roguey, gammafunk_temple_overflow_statue
D:11:     layout_rooms, uniq_nergalle
Lair:1:   layout_long_grid, lemuel_fruit_fields, uniq_joseph
Lair:2:   layout_long_grid, grunt_megastairs_4

Skill      XL: |  1  2  3  4  5  6  7  8  9 10 11 |
---------------+----------------------------------+-----
Spellcasting   | 2 3 4 5 6 7 8 9 |  9.2
Earth Magic    | 3 4 5 7 8 9 10 | 10.2
Conjurations   | 1 2 3 4 6 7 9 |  9.6
Necromancy     | 1 3 |  3.0
Dodging        | 2 3 |  3.6
Fighting       | 2 |  2.8
Armour         | 2 |  2.6
Shields        | 2 |  2.6
Summonings     | 1 |  1.1
Stealth        | |  1.7
Transmutations | |  0.8

Action                   |  1- 3 |  4- 6 |  7- 9 | 10-12 || total
-------------------------+-------+-------+-------+-------++-------
Melee: Staff             |       |     6 |    72 |    53 ||   131
       Punch             |       |       |     2 |       ||     2
 Cast: Sandblast         |    50 |    71 |     3 |       ||   124
       Stone Arrow       |       |    23 |   188 |   184 ||   395
  Use: Scroll            |       |       |    15 |     4 ||    19
       Potion            |       |       |       |     2 ||     2
Armor: Robe              |     3 |     6 |       |       ||     9
       Leather armour    |       |    14 |    66 |   117 ||   197
Dodge: Dodged            |     8 |    46 |    95 |   132 ||   281
Block: Other             |     1 |    19 |    52 |       ||    72
       Reflection        |       |     2 |     2 |     3 ||     7
       Buckler           |       |       |    11 |   133 ||   144

Table legend: (Time is in decaauts)
 A = Elapsed time spent in this place.
 B = Non-inter-level travel time spent in this place.
 C = Inter-level travel time spent in this place.
 D = Time resting spent in this place.
 E = Time spent auto-exploring this place.
 F = Levels seen in this place.
 G = Mean time per level.
                   A        B        C        D        E       F      G
               +--------+--------+--------+--------+--------+-----+--------+
         Total |  16699 |  15987 |    712 |    390 |  13381 |  13 | 1284.5 |
       Dungeon |  14434 |  13765 |    669 |    240 |  11670 |  11 | 1312.2 |
          Lair |   2265 |   2222 |     43 |    150 |   1711 |   2 | 1132.5 |
               +--------+--------+--------+--------+--------+-----+--------+

Top non-repeatable levels by time:
     D:7: 2008 daAuts
     D:6: 1808 daAuts
     D:9: 1546 daAuts
  Lair:1: 1537 daAuts
     D:4: 1403 daAuts
    D:10: 1371 daAuts
     D:1: 1287 daAuts
     D:5: 1230 daAuts
     D:8: 1155 daAuts
     D:2: 949 daAuts
    D:11: 947 daAuts
  Lair:2: 727 daAuts
     D:3: 725 daAuts
